 Dungeon Crawl Stone Soup version 0.21.1-1-g345015f (webtiles) character file.

32 Mgcat the Sneak (level 3, -2/28 HPs)
             Began as a Naga Wizard on Feb 6, 2018.
             Slain by a goblin
             ... wielding a +0 dagger
             ... led by Robin
              (4 damage)
             ... on level 2 of the Dungeon.
             The game lasted 00:04:20 (1197 turns).

Mgcat the Sneak (Naga Wizard)                       Turns: 1197, Time: 00:04:21

Health: -2/28      AC:  2    Str:  9    XL:     3   Next: 27%
Magic:  2/7        EV: 10    Int: 18    God:
Gold:   76         SH:  0    Dex: 10    Spells: 1/8 levels left

rFire    . . .     SeeInvis +   g - +0 dagger
rCold    . . .     Gourm    .   (no shield)
rNeg     . . .     Faith    .   a - +0 robe
rPois    +         Spirit   .   b - +0 hat
rElec    .         Reflect  .   (no cloak)
rCorr    +         Harm     .   (no gloves)
MR       +....                  (no barding)
Stlth    ++........             (no amulet)
HPRegen  0.09/turn              e - ring of protection from magic {MR+, !d}
MPRegen  0.10/turn              l - ring of resist corrosion

@: very slightly contaminated, very slow
A: large, see invisible, deformed body, poison resistance, slowness 2, slow
metabolism 1, spit poison 1, AC +1
a: Spit Poison


You were on level 2 of the Dungeon.
You were hungry.

You visited 1 branch of the dungeon, and saw 2 of its levels.

You collected 76 gold pieces.

Inventory:

Hand Weapons
 g - a +0 dagger (weapon)
   (You took it off a kobold on level 1 of the Dungeon)
Missiles
 h - 65 stones (quivered)
Armour
 a - a +0 robe (worn)
 b - a +0 hat (worn)
Jewellery
 e - a ring of protection from magic (left hand) {MR+, !d}
   (You found it on level 1 of the Dungeon)
 l - a ring of resist corrosion (right hand)
   (You found it on level 1 of the Dungeon)
Scrolls
 f - 3 scrolls of amnesia {unknown}
 i - 2 scrolls of identify {unknown}
 m - a scroll of teleportation {unknown}
 n - a scroll of immolation {unknown}
 o - a scroll of magic mapping {unknown}
Potions
 j - a potion of berserk rage {unknown}
 k - a potion of degeneration {unknown}
Books
 c - a book of Minor Magic
Comestibles
 d - a ration


   Skills:
 - Level 1.5 Dodging
 + Level 3.9 Stealth
 + Level 3.3 Spellcasting
 + Level 1.8 Conjurations
   Level 1.0 Summonings
   Level 1.0 Translocations
 + Level 0.1 Fire Magic
 + Level 0.2 Air Magic
 + Level 0.2 Poison Magic


You had one spell level left.
You knew the following spells:

 Your Spells              Type           Power        Failure   Level  Hunger
a - Magic Dart            Conj           #...         8%          1    None
b - Mephitic Cloud        Conj/Pois/Air  #.......     34%         3    ###....
c - Conjure Flame         Conj/Fire      #.......     30%         3    ###....


Dungeon Overview and Level Annotations

Branches:
Dungeon (2/15)

Altars:

Annotations:
D:2 Robin


Innate Abilities, Weirdness & Mutations

You cannot wear boots.
Your serpentine skin is tough. (AC +1)
You have supernaturally acute eyesight. (SInv)
Armour fits poorly on your strangely shaped body.
Your system is resistant to poisons. (rPois)
You cover ground very slowly.
You have a slow metabolism.
You can spit poison.


Message History

Aiming: Magic Dart
Press: ? - help, Shift-Dir - straight line, f - goblin
Aim: a goblin (resting)
The magic dart hits the goblin.
The goblin is moderately wounded.
The goblin shouts!
You hear a shout!
Casting: Magic Dart
Confirm with . or Enter, or press ? or * to list all spells.
Aiming: Magic Dart
Press: ? - help, Shift-Dir - straight line, f/p - goblin
Aim: a goblin (moderately wounded)
The magic dart hits the goblin.
You kill the goblin!
Casting: Magic Dart
Confirm with . or Enter, or press ? or * to list all spells.
You can't see any susceptible monsters within range! (Use Z to cast anyway.) 2 goblins come into view.
The goblin shouts! x2; You hear a shout! x2; You hear an angry hiss.
Casting: Magic Dart
Confirm with . or Enter, or press ? or * to list all spells.
Aiming: Magic Dart
Press: ? - help, Shift-Dir - straight line, f - goblin
Aim: a goblin, wielding a dagger The magic dart hits the goblin.
The goblin is moderately wounded.
Casting: Magic Dart
Confirm with . or Enter, or press ? or * to list all spells.
Aiming: Magic Dart
Press: ? - help, Shift-Dir - straight line, f/p - goblin
Aim: a goblin, wielding a dagger (moderately wounded)
You miscast Magic Dart.
You are very lightly contaminated with residual magic.
Sparks fly from your hands!
A goblin comes into view. It is wielding a dagger.
Casting: Magic Dart
Confirm with . or Enter, or press ? or * to list all spells.
Aiming: Magic Dart
Press: ? - help, Shift-Dir - straight line, f/p - goblin
Aim: a goblin, wielding a dagger (moderately wounded)
The magic dart hits the goblin.
You kill the goblin!
A jackal comes into view.
The goblin hits you but does no damage.
Robin of the Strong Arm comes into view.
She is wielding a club.
Robin shouts!
You hear a bark!
Robin roars a battlecry!
The goblins go into a battle-frenzy!
Robin roars a battlecry!
You hear a shout!
The goblin barely misses you.
A goblin comes into view.
The goblin barely misses you.
A goblin comes into view.
Robin throws the goblin at you! The goblin closely misses you.
Your magical contamination has completely faded away.
The goblin shouts!
You hear a shout!
You hear a bark!
The goblin hits you with a dagger. x2
You hear a shout! 2 goblins and a hobgoblin come into view.
The goblin shouts!
The goblin no longer looks unusually strong.
Robin hits you with a club. The goblin hits you with a dagger!
The goblin hits you.
* * * LOW HITPOINT WARNING * * *
Robin throws the goblin at you! The goblin barely misses you.
A goblin and a hobgoblin come into view.
The goblin shouts!
You hear a bark!
The goblin no longer looks unusually strong. x2
The goblin barely misses you.
Robin roars a battlecry!
The goblins go into a battle-frenzy!
The goblin barely misses you.
A goblin comes into view. It is wielding a club.
The goblin no longer looks unusually strong.
Robin throws the goblin at you! The goblin barely misses you.
The goblin hits you.
* * * LOW HITPOINT WARNING * * *
The goblin completely misses you.
The goblin no longer looks unusually strong. x2
The goblin hits you.
* * * LOW HITPOINT WARNING * * *
The goblin barely misses you.
Okay, then.
Unknown command.
Unknown command.
Casting: Magic Dart
Confirm with . or Enter, or press ? or * to list all spells.
Aiming: Mephitic Cloud
Press: ? - help, Shift-Dir - straight line, f - goblin
Aim: a goblin You miscast Mephitic Cloud.
You are very lightly contaminated with residual magic.
You feel a strange surge of energy!
You are feeling hungry.
The goblin no longer looks unusually strong.
Robin throws the goblin at you!
* * * LOW HITPOINT WARNING * * *
The goblin misses you. The goblin closely misses you.
The goblin hits you with a dagger.
You die...

##### ...########
#######....#...## ##########
................## #.)......#
#####.........g.g######........#
................@g.............#
###...#........gg######........#
###.#.....gg.g..## #....<...#
......#...g#....# #........#
###.#....g.##)#.# ########## #
#...#g.g.†#.#.#
###.#.....g...#.#
..#...#....##.....#
#.#.#......##..#....


You could see Robin, a hobgoblin and 8 goblins.

Vanquished Creatures
  A gnoll (D:1)
  A dart slug (D:1)
  A bat (D:1)
  4 giant cockroaches
  2 goblins (D:2)
  3 hobgoblins
  A frilled lizard (D:1)
  3 kobolds
  4 rats
20 creatures vanquished.

Notes
Turn   | Place    | Note
-------+----------+-------------------------------------------
     0 | D:1      | Mgcat the Naga Wizard began the quest for the Orb.
     0 | D:1      | Reached XP level 1. HP: 15/15 MP: 4/4
   385 | D:1      | Reached XP level 2. HP: 19/22 MP: 0/6
   652 | D:1      | Reached XP level 3. HP: 12/28 MP: 0/7
   958 | D:1      | Learned a level 3 spell: Mephitic Cloud
   962 | D:1      | Learned a level 3 spell: Conjure Flame
  1183 | D:2      | Noticed Robin
  1195 | D:2      | HP: 5/28 [goblin[Robin] (3)]
  1197 | D:2      | HP: 2/28 [Robin/goblin (1)]
  1197 | D:2      | Slain by a goblin

Action                   || total
-------------------------++-------
Melee: Dagger            ||    12
       Unarmed           ||     1
 Cast: Magic Dart        ||    52
 Abil: Spit Poison       ||     5
Armor: Robe              ||     8
Dodge: Dodged            ||    35

Vault maps used:
D:1:      onia_arrival_mini_spirals
D:2:      minmay_misc_feat_pillars, uniq_robin, uniq_crazy_yiuf_cottage

Table legend:
 A = Turns spent in this place as a percentage of turns spent in the entire game.
 B = Non-inter-level travel turns spent in this place as a percentage of non-inter-level travel turns spent in the entire game.
 C = Inter-level travel turns spent in this place as a percentage of turns spent in this place.
 D = Turns resting spent in this place as a percentage of non-inter-level travel turns spent in this place.
 E = Turns spent auto-exploring this place as a percentage of non-inter-level travel turns spent in this place.
 F = Non-inter-level travel turns spent in this place divided by the number of levels of this place that you've seen.
                   A       B       C       D       E      F
               +-------+-------+-------+-------+-------+----------------------
         Total | 100.0 | 100.0 |   4.8 |   9.1 |  75.0 | 570.0
       Dungeon | 100.0 | 100.0 |   4.8 |   9.1 |  75.0 | 570.0
               +-------+-------+-------+-------+-------+----------------------

Table legend:
 A = Kills in this place as a percentage of kills in entire the game.
 B = Kills by you in this place as a percentage of kills by you in the entire game.
 C = Kills by friends in this place as a percentage of kills by friends in the entire game.
 D = Other kills in this place as a percentage of other kills in the entire game.
 E = Experience gained in this place as a percentage of experience gained in the entire game.
 F = Experience gained in this place divided by the number of levels of this place that you have seen.
                   A       B       C       D       E      F
               +-------+-------+-------+-------+-------+----------------------
         Total | 100.0 | 100.0 |   N/A |   N/A | 100.0 |  23.5
       Dungeon | 100.0 | 100.0 |   N/A |   N/A | 100.0 |  23.5
               +-------+-------+-------+-------+-------+----------------------
